Map: Goldenaura LE

Players

Demerzel

  • Race: Protoss Protoss
  • League: Diamond
  • Spawn Location: 5:00

llllllll - Winner!

  • Race: Terran Terran
  • League: Diamond
  • Spawn Location: 12:00

VOD

Have the link to the VOD?

Description

Time

  • Played on: July 16, 2024, 6:27 p.m.
  • Length: 20:57
Show
View Real Time Build Order
Export as new Build Order

Demerzel Protoss 

Build Orders: 1 Gate Expand, Phoenix Opening 

Get SALT Encoding   

  12  0:00  Probe  
  13  0:12  Probe  
  14  0:18  Pylon  
  14  0:24  Probe  
  15  0:36  Gateway  
  15  0:38  Probe (Chrono Boost)  
  16  0:48  Assimilator, Probe (Chrono Boost)  
  17  0:53  Probe (Chrono Boost)  
  18  1:04  Probe  
  19  1:17  Probe  
  20  1:25  Cybernetics Core  
  20  1:29  Probe  
  21  1:41  Nexus  
  21  1:49  Pylon  
  21  1:53  Assimilator  
  21  1:58  Probe  
  22  2:05  Adept (Chrono Boost)  
  24  2:12  Probe  
  25  2:26  Adept (Chrono Boost)  
  26  2:32  Probe  
  27  2:44  Probe  
  27  2:46  Stargate  
  28  2:53  Probe  
  28  2:56  Probe  
  29  3:25  Probe (Chrono Boost)  
  31  3:28  Probe (Chrono Boost)  
  31  3:30  Phoenix  
  33  3:35  Probe (Chrono Boost)  
  33  3:37  Probe (Chrono Boost)  
  33  3:40  Probe  
  33  3:41  Stalker, Warp Gate  
  37  3:47  Probe  
  37  3:48  Gateway  
  39  3:53  Probe  
  39  3:54  Phoenix  
  42  3:59  Probe  
  43  4:05  Probe, Pylon  
  44  4:11  Probe  
  45  4:17  Probe  
  45  4:22  Phoenix  
  45  4:23  Probe  
  49  4:29  Probe  
  50  4:38  Probe  
  51  4:40  Adept  
  51  4:42  Probe  
  54  4:45  Nexus  
  54  4:59  Assimilator  
  54  5:03  Assimilator  
  54  5:06  Pylon  
  54  5:07  Forge  
  54  5:11  Twilight Council  
  54  5:15  Pylon  
  54  5:24  Phoenix  
  54  5:26  Pylon  
  56  5:29  Probe  
  56  5:30  Probe  
  58  5:41  Probe  
  58  5:42  Probe  
  60  5:43  Shield Battery  
  60  5:48  Phoenix  
  62  5:53  Probe  
  62  5:54  Shield Battery, Probe  
  64  6:00  Protoss Ground Armor Level 1 (Chrono Boost)  
  64  6:03  Charge  
  64  6:07  Probe  
  64  6:08  Pylon  
  65  6:13  Phoenix  
  65  6:14  Zealot, Sentry  
  71  6:20  Robotics Facility  
  71  6:25  Pylon  
  71  6:27  Gateway  
  71  6:29  Gateway  
  71  6:30  Gateway, Probe x2  
  71  6:31  Probe  
  74  6:34  Gateway  
  74  6:36  Gateway  
  74  6:41  Phoenix  
  74  6:42  Probe x2  
  74  6:46  Probe  
  79  6:54  Zealot x2, Probe  
  84  7:02  Pylon  
  84  7:04  Pylon  
  84  7:10  Pylon  
  84  7:11  Phoenix  
  84  7:13  Observer  
  87  7:18  Probe  
  87  7:19  Probe  
  89  7:24  Probe  
  89  7:27  Zealot x5  
  100  7:30  Probe  
  100  7:31  Probe  
  100  7:33  Zealot  
  100  7:34  Sentry  
  100  7:36  Probe  
  107  7:38  Photon Cannon  
  107  7:43  Probe x2  
  109  7:45  Robotics Bay  
  107  7:54  Zealot x3  
  107  7:55  Zealot x3  
  107  7:56  Blink (Chrono Boost)  
  119  7:59  Protoss Ground Weapons Level 1  
  119  8:01  Probe x2  
  99  8:16  Zealot x7  
  108  8:28  Assimilator  
  108  8:29  Assimilator  
  102  8:43  Probe  
  102  8:44  Probe  
  102  8:45  Stalker x2  
  102  8:46  Stalker x2  
  102  8:48  Immortal  
  116  8:49  Stalker  
  116  8:50  Zealot x2  
  122  9:00  Probe x3  
  125  9:12  Probe x3  
  125  9:14  Nexus  
  128  9:24  Probe  
  128  9:27  Robotics Facility  
  128  9:30  Robotics Facility  
  129  9:36  Forge  
  129  9:38  Templar Archives  
  129  9:40  Pylon  
  129  9:43  Pylon  
  129  9:45  Probe x2  
  129  9:49  Probe, Pylon  
  132  9:58  Immortal  
  136  10:09  Photon Cannon  
  136  10:11  Shield Battery, Probe x2  
  136  10:14  Protoss Ground Weapons Level 2 (Chrono Boost), Probe  
  138  10:15  Pylon  
  138  10:24  Immortal x2, Psionic Storm  
  146  10:28  Pylon  
  145  10:43  Pylon  
  145  10:44  Probe x4  
  145  10:48  Stalker  
  150  10:56  Probe  
  151  10:57  Pylon  
  151  11:02  Stalker x5  
  151  11:03  Stalker  
  148  11:16  Gateway  
  143  11:19  Gateway  
  143  11:25  Probe x4  
  144  11:34  Photon Cannon  
  144  11:35  Immortal  
  144  11:36  Photon Cannon  
  144  11:37  Probe x2  
  144  11:39  Assimilator  
  150  11:41  Probe  
  151  11:50  Pylon  
  151  12:00  Probe x2  
  153  12:02  Probe x2  
  153  12:03  Pylon  
  153  12:07  Zealot x6  
  167  12:12  Probe  
  167  12:13  Assimilator  
  167  12:20  Observer  
  166  12:22  Extended Thermal Lance  
  166  12:25  Immortal  
  166  12:29  Probe  
  171  12:41  Stalker  
  171  12:43  Fleet Beacon  
  173  12:48  Probe  
  174  12:52  Probe  
  174  12:55  Photon Cannon  
  175  12:59  Photon Cannon  
  175  13:04  Nexus  
  175  13:09  Pylon  
  175  13:13  Pylon  
  175  13:19  Stalker x2  
  174  13:20  Stalker x2  
  173  13:39  Probe x2  
  175  13:43  Photon Cannon  
  175  13:50  Photon Cannon, Probe x2  
  175  13:53  Assimilator  
  176  14:02  Gravitic Drive  
  176  14:05  Probe x2  
  176  14:08  Probe  
  176  14:09  Probe  
  180  14:17  Observer  
  180  14:18  Immortal x2  
  167  14:36  Immortal  
  153  14:44  Probe x2  
  155  14:47  Probe  
  155  14:48  Probe  
  155  14:53  Photon Cannon  
  155  14:56  Probe x2  
  155  14:57  Immortal, Photon Cannon  
  155  14:59  Probe  
  158  15:00  Probe, Gravitic Boosters  
  158  15:03  Observer  
  160  15:12  Probe  
  161  15:16  Immortal, Photon Cannon  
  165  15:30  Pylon  
  165  15:31  Probe  
  165  15:33  Stalker  
  165  15:34  Stalker x5, Pylon  
  165  15:35  Stalker x2  
  179  15:41  Probe  
  172  15:48  Observer x2  
  170  15:56  Probe  
  170  15:57  Probe x2  
  167  16:04  Probe  
  158  16:09  Probe  
  155  16:13  Photon Cannon, Probe x2  
  155  16:15  Photon Cannon  
  156  16:20  Probe  
  156  16:21  Probe  
  156  16:25  Probe  
  159  16:27  Photon Cannon  
  157  16:42  Zealot x2  
  157  16:44  Photon Cannon  
  160  16:48  Stalker  
  160  16:49  Stalker x4  
  170  16:59  Nexus  
  170  17:04  Pylon  
  170  17:06  Pylon  
  168  17:10  Observer  
  140  17:20  Stalker x6  
  140  17:21  Stalker x3  
  140  17:29  Photon Cannon  
  130  17:45  High Templar x8  
  146  17:56  Archon x4  
  146  18:08  Zealot  
  147  18:18  Zealot x7  
  97  18:50  Stalker x4  
  97  18:51  Stalker x5  
  98  19:07  Probe  
  79  19:15  Zealot  
  81  19:18  Probe  
  81  19:22  Stalker x2  
  81  19:23  Stalker x6  
  98  19:35  Probe  
  98  19:36  Probe x2  
  98  19:38  Assimilator  
  101  19:41  Assimilator, Photon Cannon  
  97  19:50  Stalker  
  97  19:51  Stalker x8  
  109  20:01  Observer  
  108  20:15  Stalker x4  
  113  20:42  Stalker x5  
  113  20:43  Stalker  
  113  20:49  Zealot x3  
Show
View Real Time Build Order
Export as new Build Order

llllllll Terran - Winner!

Build Orders: Reaper Expand, Mech 

Get SALT Encoding   

  12  0:01  SCV  
  13  0:13  SCV  
  14  0:17  Supply Depot  
  14  0:25  SCV  
  15  0:40  Barracks  
  15  0:43  SCV  
  15  0:46  Refinery  
  16  0:55  SCV  
  17  1:02  Engineering Bay  
  17  1:08  SCV  
  18  1:20  SCV  
  19  1:36  Orbital Command, Reaper  
  20  1:50  Command Center  
  20  2:04  SCV  
  21  2:10  Marine  
  22  2:15  Factory  
  22  2:19  Supply Depot, SCV  
  23  2:25  Refinery  
  23  2:37  Bunker  
  23  2:40  Marine  
  23  2:41  SCV  
  25  2:49  Supply Depot  
  25  2:53  SCV  
  25  2:58  Factory Tech Lab  
  25  3:04  Marine  
  25  3:07  Orbital Command  
  23  3:22  Marine  
  23  3:23  Siege Tank  
  27  3:30  Starport  
  27  3:34  SCV  
  28  3:36  SCV  
  30  3:45  Barracks Reactor  
  30  3:46  SCV  
  30  3:49  SCV  
  31  3:55  Refinery  
  31  3:58  SCV  
  31  4:00  Widow Mine  
  31  4:01  SCV  
  35  4:08  Supply Depot  
  35  4:10  SCV, Liberator  
  35  4:13  SCV  
  40  4:22  SCV, Marine x2  
  43  4:25  SCV  
  44  4:34  SCV  
  44  4:37  SCV  
  46  4:46  SCV  
  46  4:48  Factory x2, Marine  
  46  4:49  SCV  
  49  4:56  Refinery  
  49  4:57  Armory, Starport Tech Lab  
  49  4:58  SCV  
  50  5:02  SCV  
  50  5:06  Engineering Bay  
  51  5:10  SCV  
  51  5:14  SCV  
  53  5:17  Raven  
  55  5:23  SCV, Barracks Tech Lab  
  55  5:26  SCV  
  57  5:31  Supply Depot  
  57  5:34  Supply Depot  
  57  5:35  SCV  
  58  5:37  Supply Depot  
  58  5:38  Factory Tech Lab, SCV  
  59  5:47  SCV  
  59  5:49  Missile Turret  
  60  5:50  SCV  
  60  5:54  Thor, Supply Depot  
  60  5:55  Supply Depot  
  66  6:03  SCV  
  67  6:06  Thor  
  73  6:14  Missile Turret  
  73  6:17  Terran Vehicle Weapons Level 1  
  73  6:18  Factory  
  73  6:22  Supply Depot  
  73  6:28  SCV  
  74  6:37  Siege Tank  
  74  6:38  SCV  
  78  6:44  Viking  
  80  6:47  Supply Depot  
  80  6:48  Supply Depot  
  80  6:49  Infernal Pre-Igniter  
  80  6:54  SCV  
  80  6:56  Barracks Tech Lab  
  80  6:58  SCV  
  82  7:04  Command Center  
  82  7:07  Thor  
  88  7:16  Supply Depot  
  88  7:17  Hellbat x2  
  88  7:21  Siege Tank  
  95  7:38  Hellbat  
  97  7:53  Raven  
  99  8:05  Thor  
  102  8:06  Hellbat  
  95  8:23  Hellbat  
  97  8:29  SCV  
  97  8:30  Command Center, SCV  
  97  8:32  Widow Mine  
  101  8:38  Missile Turret  
  101  8:39  Neosteel Armor, Missile Turret  
  101  8:41  Refinery  
  98  8:42  SCV x2  
  100  8:54  Planetary Fortress, SCV x2  
  102  9:00  Terran Vehicle And Ship Armor Level 1  
  102  9:02  Refinery  
  102  9:06  SCV x2  
  102  9:09  Armory  
  104  9:18  SCV x2  
  106  9:30  Hellion, SCV x2, Siege Tank  
  117  9:31  Hellion x3  
  115  9:39  Missile Turret  
  115  9:43  SCV  
  116  9:51  Missile Turret  
  116  9:52  Hellion  
  118  9:53  Refinery  
  118  9:55  Missile Turret  
  118  9:59  Refinery  
  118  10:03  Command Center  
  118  10:06  Planetary Fortress  
  118  10:08  SCV x2  
  120  10:15  Cloaking Field  
  120  10:16  Missile Turret  
  120  10:17  Starport  
  120  10:20  Hi-Sec Auto Tracking  
  120  10:24  Starport  
  120  10:25  Starport  
  120  10:27  SCV x3  
  121  10:37  Hyperflight Rotors  
  121  10:39  SCV x3  
  124  10:47  Sensor Tower  
  124  10:49  Supply Depot  
  124  10:51  SCV x4  
  128  11:03  SCV x4  
  131  11:12  Starport Tech Lab x2, Supply Depot  
  131  11:14  Command Center  
  131  11:17  Orbital Command  
  131  11:22  SCV  
  131  11:23  SCV  
  131  11:24  Starport  
  125  11:25  Starport  
  125  11:26  Factory Tech Lab  
  125  11:27  Drilling Claws, Starport  
  125  11:29  Banshee  
  125  11:30  Terran Vehicle And Ship Armor Level 2  
  125  11:32  Terran Ship Weapons Level 1  
  128  11:44  Command Center  
  128  11:52  Banshee  
  131  11:56  Banshee x2  
  131  11:59  Widow Mine  
  131  12:00  Widow Mine x2  
  143  12:12  Banshee, Command Center  
  146  12:16  Command Center  
  146  12:22  Sensor Tower, Marine  
  145  12:26  Interference Matrix  
  145  12:27  Starport Tech Lab  
  145  12:29  Starport Tech Lab  
  145  12:35  Banshee  
  149  12:48  Banshee  
  149  12:49  Command Center  
  152  12:54  Orbital Command  
  150  13:07  Barracks, Missile Turret  
  144  13:52  Banshee, Orbital Command  
  144  13:53  Banshee x5  
  154  14:18  Refinery x2  
  154  14:21  Siege Tank x3, Missile Turret  
  154  14:22  Hellion  
  157  14:35  Banshee x5  
  157  14:36  Banshee  
  147  14:39  Missile Turret  
  147  14:43  Missile Turret  
  143  14:50  Barracks, Viking  
  143  14:51  Viking  
  138  15:18  Banshee x6  
  138  15:20  Viking  
  130  15:21  Viking  
  160  15:30  Widow Mine  
  160  15:31  Widow Mine x3  
  168  15:50  Viking  
  168  15:51  Viking  
  168  15:52  Widow Mine x4  
  180  15:58  Planetary Fortress  
  180  16:00  Banshee, SCV  
  180  16:01  Banshee x5  
  196  16:06  Planetary Fortress  
  187  16:13  Widow Mine  
  187  16:14  Widow Mine x3  
  187  16:16  SCV  
  187  16:17  SCV  
  194  16:20  Missile Turret  
  194  16:23  Viking x2  
  198  16:30  SCV  
  199  16:40  Refinery  
  199  16:44  Refinery  
  199  16:48  Starport  
  199  16:51  Starport x3  
  199  16:52  Starport  
  199  16:58  Viking  
  192  17:25  Command Center  
  192  17:28  Command Center x2  
  192  17:31  Command Center  
  192  17:36  Command Center  
  189  17:38  Missile Turret  
  189  17:47  Starport Tech Lab x3  
  189  17:50  Starport Tech Lab  
  189  17:51  Starport Tech Lab  
  189  17:52  Terran Vehicle And Ship Armor Level 3, Terran Ship Weapons Level 2  
  189  17:53  Command Center  
  189  17:58  Fusion Core  
  189  18:06  SCV  
  189  18:10  Refinery  
  190  18:19  Banshee  
  191  18:20  Viking  
  191  18:21  Viking x3, Missile Turret x2  
  199  18:31  Refinery  
  178  18:43  Missile Turret  
  178  18:45  Missile Turret  
  159  18:58  Missile Turret  
  159  19:02  Banshee  
  160  19:12  Banshee  
  160  19:13  Planetary Fortress  
  160  19:15  SCV  
  164  19:25  Command Center  
  164  19:29  Command Center  
  164  19:30  Command Center  
  161  19:44  Banshee  
  161  19:45  Banshee x9  
  188  19:47  Missile Turret  
  188  19:50  Refinery x2  
  188  19:52  Missile Turret  
  188  19:55  Banshee  
  191  20:08  Missile Turret  
  188  20:20  Missile Turret  
  188  20:23  Missile Turret  
  188  20:24  Refinery  
  200  20:29  Refinery  
  200  20:31  Command Center  
  199  20:40  Missile Turret  
Tags
 
Add a new tag
Caveats
  • Supply blocks, unpowered buildings, or Contaminate may cause inaccurate times.
  • Supply counts are checked every 10 seconds.